 Dungeon Crawl Stone Soup version 0.18-a0-824-g47fe746 (webtiles) character file.

19959 Raultor the Carver (level 12, -2/96 HPs)
             Began as a Demonspawn Fighter on Dec 17, 2015.
             Was an Elder of Qazlal.
             Slain by Snorg (19 damage)
             ... on level 3 of the Lair of Beasts.
             The game lasted 00:52:42 (12712 turns).

Raultor the Carver (Demonspawn Fighter)            Turns: 12712, Time: 00:52:43

Health: -2/96      AC: 15    Str: 19    XL:     12   Next: 41%
Magic:  0/17       EV:  9    Int:  9    God:    Qazlal [****..]
Gold:   917        SH: 16    Dex: 16    Spells: 0 memorised, 11 levels left

rFire  + . .     SeeInvis .     e - +3 scimitar
rCold  + + .     Gourm    .     J - +2 ring mail {rC+}
rNeg   . . .     Faith    .     c - +0 shield
rPois  .         Spirit   +     (helmet restricted)
rElec  .         Dismiss  .     k - +0 cloak
rCorr  .         Reflect  .     W - +1 pair of gloves
SustAt .         Harm     .     u - +0 pair of boots
MR     +....                    G - amulet of guardian spirit {Spirit}
Stlth  +.........               K - ring of protection from cold {rC+, !d}
                                C - ring of protection from fire {rF+, !d}

@: repel missiles, somewhat resistant to hostile enchantments, very unstealthy
A: antennae 2, molten scales 1, magic resistance 1, powered by death 2, powered
by pain 2, augmentation 1
a: Upheaval, Elemental Force, Renounce Religion


You were on level 3 of the Lair of Beasts.
You worshipped Qazlal.
Qazlal was greatly pleased with you.
You were not hungry.

You visited 3 branches of the dungeon, and saw 15 of its levels.
You also visited: Bailey.

You collected 917 gold pieces.

Inventory:

Hand Weapons
 a - a +1 short sword of protection
   (You took it off a big kobold on level 8 of the Dungeon)
 e - a +3 scimitar (weapon)
   (You took it off a wight on level 7 of the Dungeon)
 w - a +0 blowgun
   (You took it off a kobold on level 3 of the Dungeon)
Missiles
 b - 2 throwing nets {=f, !d}
 o - 8 curare-tipped needles
 x - 54 poisoned needles
Armour
 c - a +0 shield (worn)
 k - a +0 cloak (worn)
   (You took it off Crazy Yiuf on level 3 of the Dungeon)
 u - a +0 pair of boots (worn)
   (You found it on level 3 of the Dungeon)
 J - a +2 ring mail of cold resistance (worn)
   (You took it off Harold on level 10 of the Dungeon)
 W - a +1 pair of gloves (worn)
   (You found it on level 9 of the Dungeon)
Magical Staves
 N - an uncursed staff of conjuration {!a}
   (You found it on level 8 of the Dungeon)
Jewellery
 C - a ring of protection from fire (left hand) {rF+, !d}
   (You found it on level 7 of the Dungeon)
 F - an uncursed amulet of resist corrosion {rCorr, !d}
   (You found it on level 4 of the Dungeon)
 G - an amulet of guardian spirit (around neck) {Spirit}
   (You found it on level 5 of the Dungeon)
 K - a ring of protection from cold (right hand) {rC+, !d}
   (You found it on level 8 of the Dungeon)
 O - an uncursed amulet of rage {+Rage, !d}
   (You found it on level 9 of the Dungeon)
Wands
 q - a wand of cold (5)
   (You found it on level 7 of the Dungeon)
 P - a wand of teleportation (2)
   (You found it on level 9 of the Dungeon)
 U - a wand of disintegration (8)
   (You found it on level 10 of the Dungeon)
 X - a wand of digging (7)
   (You found it on level 3 of the Lair of Beasts)
Scrolls
 d - 8 scrolls of remove curse
 h - a scroll of random uselessness {unknown}
 j - 8 scrolls of teleportation
 m - a scroll of enchant armour {unknown}
 p - 3 scrolls of identify
 r - 4 scrolls of fog
 t - 2 scrolls of enchant weapon
 v - 2 scrolls of immolation {!r}
 y - 4 scrolls of fear
 z - 5 scrolls of amnesia
 B - 3 scrolls of recharging
 E - 3 scrolls of magic mapping {!r}
 H - a scroll of torment {!r}
 L - a scroll of brand weapon {unknown}
 Z - a scroll of noise {unknown}
Potions
 n - 2 potions of flight
 A - 2 potions of curing
 M - 4 potions of brilliance {unknown}
 Q - a potion of ambrosia {unknown}
 R - a potion of might
 S - a potion of berserk rage {unknown}
 T - 2 potions of mutation {unknown}
Books
 g - a book of Beasts
   (You found it on level 2 of the Dungeon)
Miscellaneous
 s - a lamp of fire (inert)
   (You found it on level 1 of the Lair of Beasts)
Comestibles
 f - 9 bread rations {@e1}
 i - 7 beef jerkies
 l - 5 meat rations {@e2}
 D - 8 slices of pizza
 I - 2 royal jellies
 V - 7 fruits


   Skills:
 + Level 9.5 Fighting
 * Level 12.0 Long Blades
 + Level 8.6 Armour
 - Level 8.5 Shields
 + Level 7.1 Invocations


You had 11 spell levels left.
You didn't know any spells.

Dungeon Overview and Level Annotations

Branches:
Dungeon (11/15)            Temple (1/1) D:6            Lair (3/8) D:10
    Orc (0/2) D:10
  Swamp: Lair:3-6    Shoals: Lair:3-6     Snake: Lair:3-6    Spider: Lair:3-6

Altars:
Ashenzari
Cheibriados
Dithmenos
Elyvilon
Gozag
Kikubaaqudgha
Nemelex Xobeh
Okawaru
Pakellas
Qazlal
Sif Muna
Trog
Vehumet
Xom
Yredelemnul
Zin
The Shining One

Annotations:
D:4 Raultor's ghost, novice DsGl
D:11 JokEr's ghost, journeyman OpTm; conein's ghost, journeyman MiFi
Lair:3 Snorg


Innate Abilities, Weirdness & Mutations

You have a pair of antennae on your head.
You are partially covered in molten scales (AC +1).
You regenerate health from kills.
You sometimes gain power by taking damage.
Your magical and physical power is slightly enhanced at high health.
You are resistant to hostile enchantments.


Message History

The fungus is engulfed in freezing vapours.
The fungus is engulfed in freezing vapours.
All of the chunks of flesh in your inventory have rotted away.
You are feeling hungry.
You sense a monster nearby.
No target in view!
A crocodile comes into view.
A yak comes into view.
The crocodile barely misses you.
The yak moves out of view.
You slash the crocodile!
The crocodile bites you but does no damage.
You slash the crocodile!
You kill the crocodile!
Qazlal accepts your kill.
Okay, then.
Okay, then.
You see here a crocodile corpse.
You butcher the crocodile corpse.
Things that are here:
a chunk of flesh {@w0}; a crocodile skeleton You hit the yak.
The yak is engulfed in roaring flames.
You block the yak's attack.
You slash the yak!
The yak is engulfed in roaring flames.
You block the yak's attack.
You hit the yak.
You kill the yak!
Qazlal accepts your kill.
Your Long Blades skill increases to level 12!
Your Invocations skill increases to level 7!
Y - a chunk of flesh {@w0} You see here a crocodile skeleton.
Eating a chunk of flesh {@w0}.
You continue eating. x2
You feel less regenerative.
You see here a crocodile skeleton.
You hear an angry hiss.
A komodo dragon comes into view.
The komodo dragon bites you!!
You take 15 damage, and have 81/96 hp.
You now have 14/17 mp.
You hit the komodo dragon. You block the komodo dragon's attack.
You slice the komodo dragon!! You block the komodo dragon's attack.
You slash the komodo dragon! You block the komodo dragon's attack.
You slice the komodo dragon!!
You kill the komodo dragon!
Qazlal accepts your kill.
No target in view!
You see here a wand of fire.
The fungus is engulfed in roaring flames.
The fungus is engulfed in roaring flames.
You destroy the fungus!
You feel less regenerative.
You hear a bellow!
You hear a bellow!
The fungus is struck by lightning.
You destroy the fungus!
Done exploring.
Health restored: 96; MP restored: 17 Done exploring.
Snorg the Insatiable comes into view.
Snorg shouts!
Snorg is engulfed in freezing vapours.
Snorg goes berserk!
You barely miss Snorg. You block Snorg's attack. You block Snorg's attack.
Snorg claws you but does no damage. Snorg bites you. Snorg barely misses you.
Snorg barely misses you.
You take 2 damage, and have 94/96 hp.
You hit Snorg. You block Snorg's attack. Snorg claws you!
You block Snorg's attack.
You take 6 damage, and have 88/96 hp.
You now have 16/17 mp.
You slash Snorg! You block Snorg's attack. Snorg closely misses you.
Snorg claws you!!
You take 16 damage, and have 72/96 hp.
You now have 14/17 mp.
You slash Snorg! You block Snorg's attack. Snorg claws you but does no damage.
You block Snorg's attack.
You hit Snorg. You block Snorg's attack. You block Snorg's attack.
Snorg claws you! Snorg bites you. Snorg claws you but does no damage.
You block Snorg's attack.
You take 13 damage, and have 59/96 hp.
You now have 11/17 mp.
Snorg rages.
You hit Snorg. You block Snorg's attack. You block Snorg's attack.
Snorg claws you but does no damage.
You slice Snorg!! Snorg bites you!
You focus on the pain.
You feel your power returning. You block Snorg's attack.
Snorg claws you but does no damage. You block Snorg's attack. Snorg claws you!
Snorg claws you.
You take 23 damage, and have 37/96 hp.
MASSIVE DAMAGE!!
You regained 2 mp, and now have 13/17 mp.
You are too injured to fight recklessly!
You slash Snorg!
Snorg is struck by lightning.
Snorg closely misses you. You block Snorg's attack. Snorg claws you.
You take 4 damage, and have 33/96 hp.
You now have 11/17 mp.
You barely miss Snorg. Snorg bites you!
* * * LOW HITPOINT WARNING * * *
Snorg barely misses you. You block Snorg's attack.
You take 11 damage, and have 22/96 hp.
You now have 8/17 mp.
You slash Snorg! You block Snorg's attack. Snorg claws you.
* * * LOW HITPOINT WARNING * * *
Snorg barely misses you. Snorg bites you!!
You die...

##.....###.......#.# ###
##.#......#........# ###P#
#..####.>.....#....# #....
...#P.#............## #§.#P
..P...###P#......##.# #..##
........####..§§..### #####.#
.........###..§.T.########.....#
####P....##...#.@§..##.##..P#.##
####..##....§.#........#####
##.......###.#......# ##.....##
#####....## ##...## ##.....#
#...P# #P§....# ###### ###P.###
####


You could see Snorg (berserk).

Vanquished Creatures
  Erolcha (D:9)
  Harold (D:10)
  Urug (Lair:2)
  An unseen horror (D:10)
  A griffon (Lair:2)
  4 elephants (Lair:3)
  4 spiny frogs
  6 komodo dragons
  A troll (D:9)
  A trapdoor spider zombie (D:9)
  Sigmund (D:6)
  23 yaks
  A wyvern (D:10)
  Grum (D:9)
  5 hippogriffs
  4 hungry ghosts
  A human (D:7)
  4 wolves (D:9)
  6 porcupines
  7 water moccasins
  A black bear (Lair:1)
  4 ice beasts
  A sky beast (D:8)
  2 orc warriors
  6 centaurs
  2 ogres
  3 crocodiles
  7 big kobolds
  The ghost of PeterLawrence the Cudgeler, an amateur GrFi (D:5)
  Blork the orc (D:4)
  12 giant frogs
  A wyvern zombie (D:10)
  A scorpion (D:7)
  9 wights
  4 killer bees
  3 troll zombies (D:10)
  A crimson imp (D:9)
  2 giant frog zombies
  7 orc priests
  6 hounds
  Crazy Yiuf (D:3)
  A quasit (D:10)
  A jelly (D:9)
  2 giant frog skeletons
  Ijyb (D:3)
  10 iguanas
  14 orc wizards
  4 worker ants
  4 sheep (D:7)
  4 ogre zombies (D:10)
  2 hound skeletons
  A worker ant zombie (D:8)
  12 adders
  7 gnolls
  7 river rats
  4 shadow imps
  An adder zombie (D:8)
  2 oozes (D:2)
  An adder skeleton (D:8)
  8 giant geckos
  27 orcs
  4 ball pythons
  13 bats
  6 giant cockroaches
  8 goblins
  12 hobgoblins
  12 jackals
  4 quokkas
  A giant cockroach zombie (D:5)
  A giant gecko skeleton (D:4)
  4 giant newts
  3 goblin skeletons (D:10)
  4 goblin zombies (D:10)
  3 hobgoblin zombies (D:10)
  A jackal skeleton (D:7)
  A jackal zombie (D:7)
  15 kobolds
  2 orc skeletons (D:10)
  13 orc zombies (D:10)
  2 quokka skeletons (D:4)
  12 rats
  A bush (Lair:1)
  10 fungi
  3 plants
397 creatures vanquished.

Vanquished Creatures (collateral kills)
  A spiny frog (Lair:1)
  A yak (Lair:1)
2 creatures vanquished.

Vanquished Creatures (others)
  6 fungi (D:10)
6 creatures vanquished.

Grand Total: 405 creatures vanquished

Notes
Turn   | Place    | Note
--------------------------------------------------------------
     0 | D:1      | Raultor the Demonspawn Fighter began the quest for the Orb.
     0 | D:1      | Reached XP level 1. HP: 18/18 MP: 1/1
   163 | D:1      | Reached skill level 2 in Long Blades
   317 | D:1      | Gained mutation: You regenerate a little health from kills. [demonic ancestry]
   317 | D:1      | Reached XP level 2. HP: 18/24 MP: 2/2
   723 | D:1      | Reached skill level 3 in Shields
  1017 | D:2      | Reached XP level 3. HP: 15/29 MP: 3/3
  1024 | D:2      | Reached skill level 3 in Armour
  1432 | D:2      | Reached XP level 4. HP: 15/35 MP: 4/4
  1562 | D:2      | Reached skill level 3 in Long Blades
  1588 | D:2      | HP: 8/35 [gnoll/halberd (8)]
  2100 | D:2      | Reached XP level 5. HP: 33/41 MP: 5/5
  2941 | D:3      | Noticed Ijyb
  2958 | D:3      | Killed Ijyb
  3066 | D:3      | Gained mutation: You have a pair of small antennae on your head. [demonic ancestry]
  3066 | D:3      | Reached XP level 6. HP: 48/48 MP: 6/6
  3269 | D:3      | Noticed Crazy Yiuf
  3284 | D:3      | HP: 12/48 [Crazy Yiuf/quarterstaff of chaos (18)]
  3285 | D:3      | HP: 3/48 [Crazy Yiuf/quarterstaff of chaos (3)]
  3287 | D:3      | Killed Crazy Yiuf
  3287 | D:3      | Reached skill level 4 in Fighting
  3406 | D:4      | Reached skill level 4 in Long Blades
  3464 | D:4      | Reached skill level 4 in Shields
  3517 | D:4      | Noticed Blork the orc
  3531 | D:4      | Killed Blork the orc
  3531 | D:4      | Reached skill level 4 in Armour
  3578 | D:4      | Gained mutation: You have a pair of antennae on your head. [demonic ancestry]
  3578 | D:4      | Reached XP level 7. HP: 53/55 MP: 7/7
  3646 | D:4      | Noticed Raultor's ghost (novice DsGl)
  4488 | D:5      | Entered Level 5 of the Dungeon
  4749 | D:5      | Found a sparkling altar of Nemelex Xobeh.
  4800 | D:5      | Noticed PeterLawrence's ghost (amateur GrFi)
  5188 | D:5      | Found a glowing golden altar of the Shining One.
  5320 | D:5      | Killed PeterLawrence's ghost
  5320 | D:5      | Reached skill level 5 in Long Blades
  5615 | D:6      | Found an iron altar of Okawaru.
  5738 | D:7      | Gained mutation: You are resistant to hostile enchantments. [potion of beneficial mutation]
  5740 | D:7      | HP: 9/55 [wight/enchanted scimitar (9)]
  6042 | D:7      | Found a shimmering altar of Xom.
  6054 | D:7      | Gained mutation: You regenerate health from kills. [demonic ancestry]
  6054 | D:7      | Reached XP level 8. HP: 52/61 MP: 6/8
  6060 | D:7      | Found a glowing silver altar of Zin.
  6080 | D:7      | Found a snail-covered altar of Cheibriados.
  6107 | D:7      | Reached skill level 5 in Fighting
  6190 | D:6      | Found a staircase to the Ecumenical Temple.
  6282 | Temple   | Entered the Ecumenical Temple
  6480 | Temple   | Became a worshipper of Qazlal Stormbringer
  6537 | D:6      | Reached skill level 5 in Armour
  6537 | D:6      | Reached skill level 5 in Shields
  6626 | D:6      | Reached skill level 6 in Long Blades
  6727 | D:6      | Noticed Sigmund
  6745 | D:6      | Killed Sigmund
  7218 | D:7      | Reached skill level 7 in Long Blades
  7218 | D:7      | Gained mutation: You sometimes gain a little power by taking damage. [demonic ancestry]
  7218 | D:7      | Reached XP level 9. HP: 69/69 MP: 7/9
  7341 | D:7      | Found an opulent altar of Gozag.
  7461 | D:7      | Reached skill level 6 in Fighting
  7746 | D:8      | Reached * piety under Qazlal
  7840 | D:8      | Reached skill level 6 in Armour
  7914 | D:8      | Found a flagged portal.
  7934 | Bailey   | Entered a bailey
  7934 | Bailey   | Noticed an orc knight
  7935 | Bailey   | Noticed an orc knight
  7935 | Bailey   | Noticed an orc knight
  7950 | Bailey   | Noticed PeterLawrence's ghost (journeyman GrFi)
  7969 | D:8      | Reached skill level 6 in Shields
  8186 | D:8      | Reached skill level 8 in Long Blades
  8478 | D:9      | Reached skill level 7 in Fighting
  8478 | D:9      | Gained mutation: You sometimes gain power by taking damage. [demonic ancestry]
  8478 | D:9      | Reached XP level 10. HP: 73/79 MP: 8/10
  8502 | D:9      | Noticed Erolcha
  8547 | D:9      | Killed Erolcha
  8547 | D:9      | Reached skill level 9 in Long Blades
  8590 | D:9      | Noticed Grum
  8607 | D:9      | Reached skill level 7 in Armour
  8611 | D:9      | Killed Grum
  8667 | D:9      | Reached skill level 7 in Shields
  8900 | D:9      | Reached ** piety under Qazlal
  9369 | D:9      | Found a sparkling altar of Nemelex Xobeh.
  9410 | D:10     | Entered Level 10 of the Dungeon
  9486 | D:10     | Found a staircase to the Lair.
  9508 | D:10     | Reached skill level 1 in Invocations
  9538 | D:10     | Reached skill level 2 in Invocations
  9548 | D:10     | Reached skill level 10 in Long Blades
  9706 | D:10     | Noticed Harold
  9732 | D:10     | HP: 18/80 [Harold/bolt of fire (9)]
  9745 | D:10     | HP: 15/80 [Harold/bolt of fire (6)]
  9760 | D:10     | Killed Harold
  9760 | D:10     | Reached skill level 8 in Fighting
  9760 | D:10     | Reached skill level 3 in Invocations
  9760 | D:10     | Gained mutation: You are partially covered in molten scales (AC +1). [demonic ancestry]
  9760 | D:10     | Reached XP level 11. HP: 53/86 MP: 8/13
  9977 | D:10     | Found a staircase to the Orcish Mines.
  9996 | D:10     | Reached *** piety under Qazlal
 10116 | D:10     | Reached skill level 4 in Invocations
 10375 | D:10     | Killed an unseen horror
 10544 | D:11     | Noticed conein's ghost (journeyman MiFi)
 10550 | D:11     | Noticed a hill giant
 10551 | D:11     | Noticed JokEr's ghost (journeyman OpTm)
 10579 | Lair:1   | Entered Level 1 of the Lair of Beasts
 10611 | Lair:1   | Reached **** piety under Qazlal
 10741 | Lair:1   | Reached skill level 8 in Shields
 10767 | Lair:1   | Reached skill level 5 in Invocations
 10930 | Lair:1   | Reached skill level 8 in Armour
 10942 | Lair:1   | Reached skill level 11 in Long Blades
 11562 | Lair:2   | Reached skill level 9 in Fighting
 11562 | Lair:2   | Reached skill level 6 in Invocations
 11562 | Lair:2   | Gained mutation: Your magical and physical power is slightly enhanced at high health. [demonic ancestry]
 11562 | Lair:2   | Reached XP level 12. HP: 68/95 MP: 5/16
 11593 | Lair:2   | Noticed Urug
 11618 | Lair:2   | Killed Urug
 11888 | Lair:2   | Noticed a seven-headed hydra
 11924 | Lair:3   | HP: 23/95 [poisoned by a spiny frog]
 12138 | Lair:3   | Got a transparent arbalest
 12457 | Lair:3   | Reached skill level 12 in Long Blades
 12457 | Lair:3   | Reached skill level 7 in Invocations
 12696 | Lair:3   | Noticed Snorg
 12711 | Lair:3   | HP: 22/96 [Snorg (12)]
 12712 | Lair:3   | Slain by Snorg

Vault maps used:
D:1:      dpeg_arrival_solitude
D:2:      first_bread, minmay_close_crescents
D:3:      minmay_bisected, uniq_crazy_yiuf_cottage, uniq_iyjb
D:4:      serial_curves, eino_curves_01, eino_curves_02, uniq_blork_the_orc
D:5:      nemelex_altar_shiori, minmay_bad_closet, grunt_decor_mini_mirrors,
          nicolae_tso_swordbearing_angel
D:6:      minmay_flawed_box, temple_statues, okawaru_gym_becter, uniq_sigmund
D:7:      grunt_temple_overflow_open, nicolae_overflow_hidden_temple,
          grunt_livestock, st_stairs_11, minmay_gold_behind_fungi
D:8:      enter_bailey_2, special_room
D:9:      nemelex_spade_bored_becter, uniq_grum, uniq_erolcha
D:10:     due_lair_maze_entry_diamond, zombieorc2_lemuel, uniq_harold
D:11:     serial_shops, nicolae_shop_behind_doors, serial_bayou_pond_a,
          hangedman_corner_corridor
Temple:   chambers_temple_12
Lair:1:   beast_lair_carwin_7, grunt_megastairs_2, serial_bayou_shore_b
Lair:2:   forest_paths, uniq_urug
Lair:3:   infiniplex_staircase_pool, uniq_snorg
Bailey:   bailey_polearm_4, bailey

Action                   |  1- 3 |  4- 6 |  7- 9 | 10-12 || total
-------------------------+-------+-------+-------+-------++-------
Melee: Long sword        |   166 |   282 |   166 |       ||   614
       Scimitar          |       |       |   384 |   780 ||  1164
 Fire: Blowgun           |       |       |       |    13 ||    13
Throw: Throwing net      |       |       |       |     4 ||     4
Invok: Elemental Force   |       |       |       |     2 ||     2
Evoke: Wand              |       |       |       |     1 ||     1
       Lamp of fire      |       |       |       |     1 ||     1
  Use: Scroll            |     4 |       |     9 |     2 ||    15
       Potion            |       |     2 |     7 |     8 ||    17
 Stab: Distracted        |       |       |       |     1 ||     1
  Eat: Chunk             |     2 |     8 |    18 |    15 ||    43
       Bread ration      |       |       |     2 |       ||     2
       Beef jerky        |       |       |     1 |       ||     1
       Royal jelly       |       |       |       |     1 ||     1
       Fruit             |       |       |       |     1 ||     1

Vault maps used:
D:1:      dpeg_arrival_solitude
D:2:      first_bread, minmay_close_crescents
D:3:      minmay_bisected, uniq_crazy_yiuf_cottage, uniq_iyjb
D:4:      serial_curves, eino_curves_01, eino_curves_02, uniq_blork_the_orc
D:5:      nemelex_altar_shiori, minmay_bad_closet, grunt_decor_mini_mirrors,
          nicolae_tso_swordbearing_angel
D:6:      minmay_flawed_box, temple_statues, okawaru_gym_becter, uniq_sigmund
D:7:      grunt_temple_overflow_open, nicolae_overflow_hidden_temple,
          grunt_livestock, st_stairs_11, minmay_gold_behind_fungi
D:8:      enter_bailey_2, special_room
D:9:      nemelex_spade_bored_becter, uniq_grum, uniq_erolcha
D:10:     due_lair_maze_entry_diamond, zombieorc2_lemuel, uniq_harold
D:11:     serial_shops, nicolae_shop_behind_doors, serial_bayou_pond_a,
          hangedman_corner_corridor
Temple:   chambers_temple_12
Lair:1:   beast_lair_carwin_7, grunt_megastairs_2, serial_bayou_shore_b
Lair:2:   forest_paths, uniq_urug
Lair:3:   infiniplex_staircase_pool, uniq_snorg
Bailey:   bailey_polearm_4, bailey

Table legend:
 A = Turns spent in this place as a percentage of turns spent in the entire game.
 B = Non-inter-level travel turns spent in this place as a percentage of non-inter-level travel turns spent in the entire game.
 C = Inter-level travel turns spent in this place as a percentage of turns spent in this place.
 D = Turns resting spent in this place as a percentage of non-inter-level travel turns spent in this place.
 E = Turns spent auto-exploring this place as a percentage of non-inter-level travel turns spent in this place.
 F = Non-inter-level travel turns spent in this place divided by the number of levels of this place that you've seen.
                   A       B       C       D       E      F
               +-------+-------+-------+-------+-------+----------------------
         Total | 100.0 | 100.0 |   0.8 |   1.9 |  10.6 | 240.4
       Dungeon |  80.4 |  80.4 |   0.8 |   1.7 |  11.0 | 281.1
        Temple |   0.5 |   0.4 |  11.1 |   0.0 |  81.2 |  16.0
          Lair |  18.7 |  18.7 |   0.4 |   2.8 |   7.6 | 240.3
        Bailey |   0.4 |   0.4 |   0.0 |   0.0 |   0.0 |  17.0
               +-------+-------+-------+-------+-------+----------------------

Table legend:
 A = Kills in this place as a percentage of kills in entire the game.
 B = Kills by you in this place as a percentage of kills by you in the entire game.
 C = Kills by friends in this place as a percentage of kills by friends in the entire game.
 D = Other kills in this place as a percentage of other kills in the entire game.
 E = Experience gained in this place as a percentage of experience gained in the entire game.
 F = Experience gained in this place divided by the number of levels of this place that you have seen.
                   A       B       C       D       E      F
               +-------+-------+-------+-------+-------+----------------------
         Total | 100.0 | 100.0 | 100.0 |  -nan | 100.0 | 1782.1
       Dungeon |  81.3 |  81.7 |   0.0 |  -nan |  51.9 | 1344.5
          Lair |  18.7 |  18.3 | 100.0 |  -nan |  48.1 | 4575.0
               +-------+-------+-------+-------+-------+----------------------
